 Dungeon Crawl Stone Soup version 0.31-a0-175-g9f7f995f2b (webtiles) character file.

Game seed: 8355616778813236210

1218 qw the Skirmisher (level 8, -8/69 (75) HPs)
             Began as a Naga Hunter on June 16, 2023.
             Mangled by a wight
             ... wielding a +5 great sword of freezing
              (23 damage)
             ... on level 6 of the Dungeon.
             The game lasted 00:01:51 (5064 turns).

qw the Skirmisher (Naga Hunter)                     Turns: 5064, Time: 00:01:51

HP:   -8/69 (75)    AC:  8    Str: 11    XL:     8   Next: 46%
MP:   8/8           EV: 10    Int: 11    God:
Gold: 126           SH:  0    Dex: 16    Spells: 7/7 levels left

rFire   . . .        Y - +0 shortbow
rCold   + + +        (shield currently unavailable)
rNeg    . . .        c - +0 leather armour
rPois   +            (no helmet)
rElec   .            (no cloak)
rCorr   .            (no gloves)
SInv    +            (no barding)
Will    +....        (no amulet)
Stlth   +++          b - ring of Leivviobaf {rC++ AC+4 Str-2 Stlth+}
HPRegen 0.31/turn    g - ring of protection from cold
MPRegen 0.11/turn

%: no passive effects
@: about to teleport, drained, very slow
A: AC +2, large, see invisible, deformed body, poison resistance, slowness 2,
spit poison 1, naga tail 1
a: Spit Poison


You were on level 6 of the Dungeon.
You visited 1 branch of the dungeon, and saw 6 of its levels.

You collected 282 gold pieces.
You spent 156 gold pieces at shops.


Innate Abilities, Weirdness & Mutations

Your serpentine skin is tough. (AC +2)
You have supernaturally acute eyesight. (SInv)
Armour fits poorly on your strangely shaped body.
Your system is resistant to poisons. (rPois)
You cover ground very slowly.
You can spit poison.
You have a snake-like lower body.


   Skills:
 - Level 5.4 Fighting
 + Level 8.4 Ranged Weapons
 - Level 2.1 Dodging
 - Level 1.5 Stealth


You had 7 spell levels left.
You didn't know any spells.
Your spell library was empty.

Inventory:

Hand Weapons
 Y - a +0 shortbow (weapon)
Armour
 c - a +0 leather armour (worn)
Jewellery
 b - the ring of Leivviobaf (left hand) {rC++ AC+4 Str-2 Stlth+}
   (You found it on level 4 of the Dungeon)

   [ring of protection]

   AC:        It affects your AC (+4).
   Str:       It affects your strength (-2).
   rC:        It greatly protects you from cold.
   Stlth:     It makes you more stealthy.
 g - a ring of protection from cold (right hand)
Scrolls
 a - 3 scrolls of identify
 h - a scroll of teleportation
Potions
 d - 3 potions of haste
 f - a potion of cancellation

Dungeon Overview and Level Annotations

Branches:
Dungeon (6/15)
 Temple: D:4-7

Altars:
Gozag
Qazlal

Shops:
D:4 *   D:5 ?

Annotations:
D:4 2 transporters


Message History

The bullfrog misses you. The bullfrog barely misses you.
The wight hits you with a +4 dagger.
You shoot an arrow. The arrow hits the bullfrog!
The bullfrog is severely wounded.
The bullfrog misses you.
The wight hits you with a +5 great sword of freezing!
You feel drained. The orc completely misses you.
The wight hits you with a +4 dagger!
You shoot an arrow. The arrow hits the bullfrog!
You kill the bullfrog!
The wight hits you with a +4 dagger.
You feel drained.
The wight hits you with a +5 great sword of freezing!
The orc barely misses you.
5058 ||| Stepping ~*~*~tactically~*~*~ (outnumbered).
You have got your breath back.
5059 ||| Stepping ~*~*~tactically~*~*~ (outnumbered).
The wight misses you.
You shoot an arrow. The arrow barely misses the wight.
The wight hits you but does no damage.
The wight hits you with a +2 long sword.
You feel drained.
You shoot an arrow.
The arrow hits the wight but does no damage.
The wight completely misses you. The orc closely misses you.
The wight hits you but does no damage.
You shoot an arrow.
The arrow hits the wight but does no damage.
The orc barely misses you.
The wight hits you with a +2 long sword.
You feel drained.
You shoot an arrow. The arrow closely misses the wight.
The wight closely misses you.
The wight hits you with a +5 great sword of freezing!
You feel drained. The orc misses you. The wight closely misses you.
5064 ||| READING 2 scrolls of teleportation.
As you read the scroll of teleportation, it crumbles to dust.
You feel strangely unstable. The wight hits you but does no damage.
The wight hits you with a +5 great sword of freezing!!
You die...

.... ......#
......##......
#.............
............
....#.....#
.........#
....o....# #.#z#o.#
.##.###.#@#..#
.........zzo.#
##.###.#.#..#
###.#.#...#
#...#.....# #
#####......#.#..
#.#....##....#.#...
#......#......#...#
##.......#..### ##


You could see 3 wights and 2 orcs.

Vanquished Creatures
  Menkaure (D:6)
  2 black bears
  2 ogres (D:5)
  2 phantoms (D:5)
  A bullfrog (D:6)
  2 orc priests
  A hound (D:5)
  3 iguanas
  6 orc wizards
  9 adders
  An ufetubus (D:6)
  3 dart slugs
  20 orcs
  9 endoplasms
  A giant cockroach (D:4)
  5 goblins
  11 hobgoblins
  2 jackals (D:2)
  7 kobolds
  4 quokkas
  6 ball pythons
  4 bats
  5 frilled lizards
  3 rats
110 creatures vanquished.

Notes
Turn   | Place    | Note
-------+----------+-------------------------------------------
     0 | D:1      | qw the Naga Hunter began the quest for the Orb.
     0 | D:1      | Reached XP level 1. HP: 19/19 MP: 1/1
     0 | D:1      | 0 ||| qw: Version: 0.2-a-29-g511e9b1
     0 | D:1      | 0 ||| qw: Game counter: 5903
     0 | D:1      | 0 ||| qw: Always use a shield: true
     0 | D:1      | 0 ||| qw: God list: Okawaru
     0 | D:1      | 0 ||| qw: Allow faded altars: false
     0 | D:1      | 0 ||| qw: Do Orc after D:15 true
     0 | D:1      | 0 ||| qw: Do second Lair branch before Depths: true
     0 | D:1      | 0 ||| qw: Lair rune preference: random
     0 | D:1      | 0 ||| qw: Plans: Normal
     0 | D:1      | 0 ||| PLANNING D:1-11
    10 | D:1      | 10 ||| INVOKING Spit Poison.
    54 | D:1      | 54 ||| INVOKING Spit Poison.
    57 | D:1      | 57 ||| INVOKING Spit Poison.
    63 | D:1      | Reached skill level 4 in Ranged Weapons
    63 | D:1      | Reached XP level 2. HP: 21/26 MP: 2/2
    91 | D:1      | 91 ||| INVOKING Spit Poison.
   115 | D:1      | 115 ||| INVOKING Spit Poison.
   116 | D:1      | 116 ||| INVOKING Spit Poison.
   125 | D:1      | 125 ||| INVOKING Spit Poison.
   126 | D:1      | 126 ||| INVOKING Spit Poison.
   129 | D:1      | 129 ||| INVOKING Spit Poison.
   136 | D:1      | 136 ||| INVOKING Spit Poison.
   212 | D:1      | 212 ||| INVOKING Spit Poison.
   216 | D:1      | 216 ||| INVOKING Spit Poison.
   276 | D:1      | 276 ||| INVOKING Spit Poison.
   281 | D:1      | 281 ||| INVOKING Spit Poison.
   315 | D:1      | 315 ||| INVOKING Spit Poison.
   350 | D:1      | 350 ||| INVOKING Spit Poison.
   351 | D:1      | Reached XP level 3. HP: 32/32 MP: 3/3
   379 | D:1      | 379 ||| INVOKING Spit Poison.
   747 | D:1      | 747 ||| READING scroll labelled IDDUXECRUH.
   748 | D:1      | 748 ||| READING scroll labelled VURITH WUPHOV.
   752 | D:1      | 752 ||| READING scroll labelled SUCIYDIACLI.
   809 | D:1      | 809 ||| READING scroll labelled TEYSEF VIUBIA.
   810 | D:1      | 810 ||| DRINKING 3 murky purple potions.
   811 | D:1      | 811 ||| DROPPING scroll of butterflies.
   824 | D:2      | 824 ||| INVOKING Spit Poison.
   847 | D:2      | 847 ||| INVOKING Spit Poison.
   959 | D:2      | 959 ||| INVOKING Spit Poison.
   985 | D:2      | 985 ||| INVOKING Spit Poison.
   986 | D:2      | 986 ||| INVOKING Spit Poison.
  1044 | D:2      | 1044 ||| INVOKING Spit Poison.
  1049 | D:2      | 1049 ||| INVOKING Spit Poison.
  1098 | D:2      | 1098 ||| INVOKING Spit Poison.
  1122 | D:2      | 1122 ||| INVOKING Spit Poison.
  1296 | D:2      | 1296 ||| INVOKING Spit Poison.
  1307 | D:2      | 1307 ||| INVOKING Spit Poison.
  1387 | D:2      | 1387 ||| READING scroll labelled YPSAZE JEUTER.
  1388 | D:2      | 1388 ||| READING 2 scrolls labelled QYUVEEFIRE.
  1389 | D:2      | 1389 ||| READING scroll labelled KOAS QAMMA.
  1490 | D:2      | 1490 ||| DROPPING scroll of vulnerability.
  1505 | D:3      | 1505 ||| INVOKING Spit Poison.
  1538 | D:3      | Identified the +4 hand axe "Sucizori" {holy, rPois}
  1545 | D:3      | 1545 ||| INVOKING Spit Poison.
  1546 | D:3      | Reached skill level 5 in Ranged Weapons
  1566 | D:3      | 1566 ||| INVOKING Spit Poison.
  1567 | D:3      | Reached XP level 4. HP: 39/39 MP: 4/4
  1667 | D:3      | 1667 ||| INVOKING Spit Poison.
  1707 | D:3      | 1707 ||| INVOKING Spit Poison.
  1717 | D:3      | 1717 ||| INVOKING Spit Poison.
  1720 | D:3      | 1720 ||| INVOKING Spit Poison.
  1722 | D:3      | 1722 ||| Stepping ~*~*~tactically~*~*~ (outnumbered).
  1726 | D:3      | 1726 ||| INVOKING Spit Poison.
  1729 | D:3      | 1729 ||| INVOKING Spit Poison.
  1763 | D:3      | 1763 ||| INVOKING Spit Poison.
  1799 | D:3      | 1799 ||| INVOKING Spit Poison.
  1820 | D:3      | 1820 ||| INVOKING Spit Poison.
  1825 | D:3      | 1825 ||| INVOKING Spit Poison.
  1830 | D:3      | 1830 ||| INVOKING Spit Poison.
  1833 | D:3      | Reached skill level 3 in Fighting
  1849 | D:3      | 1849 ||| INVOKING Spit Poison.
  1856 | D:3      | 1856 ||| INVOKING Spit Poison.
  1858 | D:3      | HP: 7/42 [orc/+0 war axe (4)]
  1861 | D:3      | Reached XP level 5. HP: 9/49 MP: 5/5
  1862 | D:3      | 1862 ||| INVOKING Spit Poison.
  1891 | D:3      | 1891 ||| INVOKING Spit Poison.
  2006 | D:3      | 2006 ||| INVOKING Spit Poison.
  2013 | D:3      | 2013 ||| INVOKING Spit Poison.
  2050 | D:3      | 2050 ||| INVOKING Spit Poison.
  2290 | D:3      | 2290 ||| INVOKING Spit Poison.
  2336 | D:3      | 2336 ||| DROPPING amulet of magic regeneration.
  2337 | D:3      | 2337 ||| READING scroll labelled PESOINKEKKU.
  2338 | D:3      | 2338 ||| READING 2 scrolls of identify.
  2338 | D:3      | 2338 ||| IDENTIFYING red potion
  2339 | D:3      | 2339 ||| DROPPING potion of attraction.
  2371 | D:4      | Found a transporter.
  2372 | D:4      | 2372 ||| INVOKING Spit Poison.
  2400 | D:4      | 2400 ||| INVOKING Spit Poison.
  2405 | D:4      | 2405 ||| INVOKING Spit Poison.
  2557 | D:4      | 2557 ||| INVOKING Spit Poison.
  2560 | D:4      | Found Ymual's General Store.
  2569 | D:4      | 2569 ||| SHOPLISTING +3 leather armour (266 gold, have
                  | 166).
  2581 | D:4      | 2581 ||| INVOKING Spit Poison.
  2727 | D:4      | Noticed a black bear
  2729 | D:4      | 2729 ||| INVOKING Spit Poison.
  2732 | D:4      | 2732 ||| INVOKING Spit Poison.
  2736 | D:4      | Killed a black bear
  2737 | D:4      | Reached skill level 6 in Ranged Weapons
  2737 | D:4      | Reached XP level 6. HP: 40/56 MP: 6/6
  2738 | D:4      | 2738 ||| INVOKING Spit Poison.
  2822 | D:4      | 2822 ||| INVOKING Spit Poison.
  2825 | D:4      | 2825 ||| INVOKING Spit Poison.
  2853 | D:4      | 2853 ||| INVOKING Spit Poison.
  2858 | D:4      | Found a transporter.
  2858 | D:4      | Noticed an ice beast
  2861 | D:4      | Noticed an ice beast
  2861 | D:4      | Noticed an ice beast
  2876 | D:4      | Identified the ring of Leivviobaf {rC++ AC+4 Str-2 Stlth+}
  2895 | D:4      | 2895 ||| INVOKING Spit Poison.
  2901 | D:4      | 2901 ||| INVOKING Spit Poison.
  2908 | D:4      | 2908 ||| INVOKING Spit Poison.
  3093 | D:4      | Found a stormy altar of Qazlal.
  3093 | D:4      | Found an opulent altar of Gozag.
  3095 | D:4      | 3095 ||| UPGRADING to ring of Leivviobaf {rC++ AC+4 Str-2
                  | Stlth+}.
  3096 | D:4      | 3096 ||| READING scroll labelled RUH HEELEDIUR.
  3108 | D:4      | 3108 ||| INVOKING Spit Poison.
  3111 | D:4      | 3111 ||| INVOKING Spit Poison.
  3117 | D:4      | 3117 ||| INVOKING Spit Poison.
  3122 | D:4      | 3122 ||| INVOKING Spit Poison.
  3125 | D:4      | HP: 12/57 [iguana (11)]
  3126 | D:4      | 3126 ||| INVOKING Spit Poison.
  3346 | D:4      | 3346 ||| INVOKING Spit Poison.
  3377 | D:4      | 3377 ||| INVOKING Spit Poison.
  3469 | D:4      | 3469 ||| INVOKING Spit Poison.
  3609 | D:4      | 3609 ||| READING scroll labelled JOPURR WOYR.
  3617 | D:5      | Entered Level 5 of the Dungeon
  3622 | D:5      | 3622 ||| INVOKING Spit Poison.
  3626 | D:5      | 3626 ||| INVOKING Spit Poison.
  3627 | D:5      | Reached XP level 7. HP: 56/64 MP: 7/7
  3693 | D:5      | 3693 ||| INVOKING Spit Poison.
  3696 | D:5      | 3696 ||| INVOKING Spit Poison.
  3749 | D:5      | 3749 ||| INVOKING Spit Poison.
  3754 | D:5      | 3754 ||| INVOKING Spit Poison.
  3761 | D:5      | 3761 ||| INVOKING Spit Poison.
  3764 | D:5      | 3764 ||| INVOKING Spit Poison.
  3771 | D:5      | 3771 ||| INVOKING Spit Poison.
  3778 | D:5      | Reached skill level 7 in Ranged Weapons
  3917 | D:5      | 3917 ||| INVOKING Spit Poison.
  3921 | D:5      | 3921 ||| INVOKING Spit Poison.
  3930 | D:5      | 3930 ||| INVOKING Spit Poison.
  3936 | D:5      | 3936 ||| INVOKING Spit Poison.
  3944 | D:5      | 3944 ||| INVOKING Spit Poison.
  3949 | D:5      | 3949 ||| INVOKING Spit Poison.
  4127 | D:5      | 4127 ||| INVOKING Spit Poison.
  4150 | D:5      | 4150 ||| INVOKING Spit Poison.
  4326 | D:5      | 4326 ||| INVOKING Spit Poison.
  4331 | D:5      | 4331 ||| INVOKING Spit Poison.
  4338 | D:5      | 4338 ||| INVOKING Spit Poison.
  4339 | D:5      | Found Gate's Magic Scroll Shop.
  4344 | D:5      | 4344 ||| INVOKING Spit Poison.
  4492 | D:5      | 4492 ||| BUYING scroll of identify (26 gold).
  4492 | D:5      | Bought a scroll of identify for 26 gold pieces
  4492 | D:5      | 4492 ||| BUYING scroll of identify (26 gold).
  4492 | D:5      | Bought a scroll of identify for 26 gold pieces
  4492 | D:5      | 4492 ||| BUYING scroll of identify (26 gold).
  4492 | D:5      | Bought a scroll of identify for 26 gold pieces
  4492 | D:5      | 4492 ||| BUYING scroll of teleportation (39 gold).
  4492 | D:5      | Bought a scroll of teleportation for 39 gold pieces
  4492 | D:5      | 4492 ||| BUYING scroll of teleportation (39 gold).
  4492 | D:5      | Bought a scroll of teleportation for 39 gold pieces
  4585 | D:5      | 4585 ||| INVOKING Spit Poison.
  4586 | D:5      | 4586 ||| INVOKING Spit Poison.
  4609 | D:5      | 4609 ||| INVOKING Spit Poison.
  4612 | D:5      | Reached XP level 8. HP: 72/72 MP: 8/8
  4613 | D:5      | 4613 ||| INVOKING Spit Poison.
  4616 | D:5      | 4616 ||| INVOKING Spit Poison.
  4618 | D:5      | Reached skill level 8 in Ranged Weapons
  4675 | D:5      | 4675 ||| INVOKING Spit Poison.
  4680 | D:5      | 4680 ||| INVOKING Spit Poison.
  4918 | D:5      | 4918 ||| UPGRADING to ring of protection from cold.
  4919 | D:5      | 4919 ||| READING 5 scrolls of identify.
  4919 | D:5      | 4919 ||| IDENTIFYING smoky silvery potion
  4920 | D:5      | 4920 ||| READING 4 scrolls of identify.
  4920 | D:5      | 4920 ||| IDENTIFYING pink potion
  4921 | D:5      | 4921 ||| DROPPING potion of ambrosia.
  4941 | D:6      | Noticed Menkaure
  4944 | D:6      | 4944 ||| INVOKING Spit Poison.
  4945 | D:6      | 4945 ||| STAIRDANCE
  4985 | D:6      | 4985 ||| INVOKING Spit Poison.
  4991 | D:6      | Killed Menkaure
  5051 | D:6      | 5051 ||| Stepping ~*~*~tactically~*~*~ (outnumbered).
  5052 | D:6      | 5052 ||| INVOKING Spit Poison.
  5058 | D:6      | 5058 ||| Stepping ~*~*~tactically~*~*~ (outnumbered).
  5059 | D:6      | 5059 ||| Stepping ~*~*~tactically~*~*~ (outnumbered).
  5063 | D:6      | HP: 16/71 [wight/+5 great sword of freezing (9)]
  5064 | D:6      | 5064 ||| READING 2 scrolls of teleportation.
  5064 | D:6      | Mangled by a wight

Levels and vault maps discovered:
D:1:      grunt_arrival_lava_bath, layout_basic, st_stairs_12,
          minmay_misc_feat_columns, chequers_serial_rivers_large_b,
          serial_bayou_lagoon_b
D:2:      layout_loops_ring
D:3:      layout_loops_cross
D:4:      gammafunk_cloud_chamber, layout_basic, jmf_multi_god_temple,
          serial_shops, nicolae_shop_just_a_little_nook,
          nicolae_figureground_pulse
D:5:      layout_gridville, serial_shops, shop
D:6:      nicolae_cairo_tiling, layout_basic, minmay_temple_entry_from_below_a,
          uniq_maggie, uniq_crazy_yiuf_cottage, uniq_duvessa, uniq_menkaure

Skill      XL: |  1  2  3  4  5  6  7  8 |
---------------+-------------------------+-----
Ranged Weapons | 4 5 6 7 8 |  8.4
Fighting       | 3 4 5 |  5.4
Dodging        | 2 |  2.1
Stealth        | |  1.5

Action                     |  1- 3 |  4- 6 |  7- 9 || total
---------------------------+-------+-------+-------++-------
   Fire: Shortbow          |    75 |   127 |   118 ||   320
Ability: Spit Poison       |    28 |    43 |    28 ||    99
    Use: Scroll            |     7 |     4 |     3 ||    14
         Potion            |     1 |       |       ||     1
 Armour: Leather armour    |     6 |    15 |    38 ||    59
  Dodge: Dodged            |    23 |    47 |    52 ||   122

Table legend:
 A = Non-vault XP
 B = Vault XP
 C = Vault XP percentage of total XP
 D = Non-vault monster count
 E = Vault monster count
 F = Vault count percentage of total count
                 A         B        C        D         E       F
            +---------+---------+-------+---------+---------+-------
      Total |    1524 |     216 |  12.4 |     106 |       4 |   3.6
            +---------+---------+-------+---------+---------+-------
        D:1 |      36 |       4 |  10.0 |      21 |       1 |   4.5
        D:2 |      35 |       0 |   0.0 |      13 |       0 |   0.0
        D:3 |     127 |       0 |   0.0 |      28 |       0 |   0.0
        D:4 |     304 |      43 |  12.4 |      19 |       2 |   9.5
        D:5 |     921 |       0 |   0.0 |      23 |       0 |   0.0
        D:6 |     101 |     169 |  62.6 |       2 |       1 |  33.3
            +---------+---------+-------+---------+---------+-------
